[Event "Titled Tuesday Blitz January 31 Late 2023"]
[White "Aldokhin, Ivan"]
[Black "Harshavardhan G B"]
[WhiteFideId "24115720"]
[BlackFideId "25059009"]
[WhiteElo "2413"]
[BlackElo "2408"]
[Result "0-1"]
[Round "09"]
[TimeControl "180+2"]
[Date "2023.01.31"]
[WhiteClock "0:00:08"]
[BlackClock "0:00:22"]

1. e4 e5 2. Nf3 Nc6 3. Bb5 a6 4. Ba4 d6 5. Bxc6+ bxc6 6. d4 exd4 7. Nxd4 c5 8. Nf3 g6 9. O-O Bg7 10. Nc3 Ne7 11. Bg5 h6 12. Be3 O-O 13. Qd2 Kh7 14. Rfe1 Rb8 15. Rab1 Bb7 16. Rbd1 f5 17. e5 Bxf3 18. gxf3 Bxe5 19. Bxh6 Nc6 20. Bf4 Qh4 21. Bg3 Qf6 22. Nd5 Qf7 23. f4 Bg7 24. c3 Rbe8 25. Qd3 Nd8 26. Ne3 Re4 27. Nc2 c4 28. Qd2 Ne6 29. f3 Rxe1+ 30. Rxe1 Nc5 31. Nd4 Nd3 32. Re2 Re8 33. b3 c5 34. Nc2 Bxc3 35. Qxc3 Rxe2 36. bxc4 Nc1 37. Ne3 Nxa2 38. Qd3 Rb2 39. Nd5 Nc1 40. Qe3 Ne2+ 41. Kf1 Nd4 42. Bh4 Rxh2 43. Bg3 Re2 44. Qg1 Qb7 45. Bf2 Qb1+ 46. Kg2 Qxg1+ 47. Kxg1 Nxf3+ 48. Kf1 Rc2 49. Nf6+ Kg7 50. Ne8+ Kf7 51. Nxd6+ Ke6 52. Nb7 Rxc4 53. Nxc5+ Kd5 54. Nxa6 Rxf4 55. Ke2 Nd4+ 56. Ke3 Rf3+ 57. Kd2 Rxf2+ 58. Ke1 Re2+ 59. Kf1 Rb2 60. Nc7+ Ke4 61. Ne8 Kf3 62. Ke1 Re2+ 63. Kd1 Rxe8 0-1


[Site "https://www.chess.com"]

[Event "Titled Tuesday Blitz January 31 Late 2023"]
[White "Papasimakopoulos, Alexandros"]
[Black "Martynov, Pavel"]
[WhiteFideId "4244125"]
[BlackFideId "4101260"]
[WhiteElo "2401"]
[BlackElo "2414"]
[Result "1-0"]
[Round "09"]
[TimeControl "180+2"]
[Date "2023.01.31"]
[WhiteClock "0:00:04"]
[BlackClock "0:00:01"]

1. d4 d5 2. c4 e6 3. Nc3 c5 4. cxd5 exd5 5. Nf3 Nc6 6. Bg5 Be7 7. Bxe7 Ngxe7 8. e3 c4 9. Be2 O-O 10. O-O Rb8 11. e4 b5 12. a3 Na5 13. Nd2 Be6 14. exd5 Nxd5 15. Bf3 h6 16. Nde4 Nb3 17. Rb1 Nf4 18. g3 Nh3+ 19. Kh1 Nxd4 20. Bg2 Ng5 21. Nc5 Rc8 22. Nxe6 Ngxe6 23. f4 Nb3 24. f5 Qxd1 25. Rbxd1 Nec5 26. Nxb5 Nd3 27. Nd6 Nxb2 28. Nxc8 Rxc8 29. Rb1 c3 30. Bd5 Nd2 31. Bb7 Rc7 32. Ba6 Nxb1 33. Rxb1 c2 34. Rc1 Rc3 35. Bb5 Nd1 36. Kg1 Ne3 37. Kf2 Nxf5 38. Ke1 Nd4 39. Kd2 Rc5 40. Ba4 Ra5 41. Bxc2 Nxc2 42. Rxc2 Rxa3 43. Ke2 g6 44. Kf2 Kg7 45. Kg2 h5 46. Kh3 a5 47. Kh4 Ra1 48. Rc7 Ra4+ 49. Kh3 Ra2 50. Ra7 a4 51. Ra6 a3 52. Ra7 Kf6 53. Ra5 Ra1 54. Ra7 a2 55. Kh4 Kf5 56. Rxf7+ Ke4 57. Ra7 Kd4 58. Kg5 Kc3 59. Kxg6 Kb3 60. Kxh5 Rh1 61. h4 a1=Q 62. Rxa1 Rxa1 63. g4 Kc4 64. Kg6 Kd5 65. h5 Ke6 66. h6 Rg1 67. g5 Rh1 68. h7 Ke7 69. Kg7 Rh2 70. h8=Q Rxh8 71. Kxh8 1-0


[Site "https://www.chess.com"]

[Event "Titled Tuesday Blitz January 31 Late 2023"]
[White "Krysa, Leandro"]
[Black "Moral Garcia, Serafin"]
[WhiteFideId "116807"]
[BlackFideId "2201925"]
[WhiteElo "2541"]
[BlackElo "2238"]
[Result "1/2-1/2"]
[Round "09"]
[TimeControl "180+2"]
[Date "2023.01.31"]
[WhiteClock "0:00:07"]
[BlackClock "0:00:20"]

1. e4 e5 2. Nf3 Nf6 3. Nxe5 d6 4. Nf3 Nxe4 5. Bd3 Nf6 6. O-O Be7 7. c3 O-O 8. Bc2 d5 9. d4 Bg4 10. Nbd2 Nbd7 11. Re1 c6 12. Nf1 Bd6 13. Ng3 Qc7 14. h3 Bxh3 15. gxh3 Bxg3 16. fxg3 Qxg3+ 17. Kh1 Qxh3+ 18. Nh2 Rfe8 19. Bf4 Rxe1+ 20. Qxe1 Re8 21. Qf1 Qxf1+ 22. Nxf1 Re2 23. Bd2 Ne4 24. Bxe4 Rxe4 25. Ng3 Re6 26. Kg2 g6 27. Bh6 f6 28. Kf3 Kf7 29. Rh1 g5 30. Bxg5 fxg5 31. Rxh7+ Ke8 32. Nf5 Rf6 33. Kg4 Kd8 34. Kxg5 Re6 35. Rh2 Kc7 36. Kf4 Kd8 37. Ne3 Kc7 38. Ng4 Kd8 39. Rh8+ Kc7 40. Rh7 Kd6 41. Ne3 Rf6+ 42. Nf5+ Kc7 43. b4 a6 44. a4 b6 45. a5 bxa5 46. bxa5 Kd8 47. Rh8+ Kc7 48. Rh7 Kd8 49. Kg5 Re6 50. Nh6 Kc7 51. Nf5 Kd8 52. Nh4 Kc7 53. Nf3 Kd8 54. Rh8+ Kc7 55. Rh7 Kd8 56. Kf4 Kc7 57. Ne5 Rd6 58. Kf5 Kc8 59. Nxd7 Rxd7 60. Rxd7 Kxd7 61. Kf6 Kd6 62. Kf7 Kd7 63. Kf6 Kd6 64. Kf5 Kd7 65. Ke5 Ke7 66. Kf5 Kf7 67. Ke5 Ke7 68. Kf4 Kf6 69. Kg4 Kg6 70. Kf4 Kf6 71. Kg4 Kg6 72. Kf4 Kf6 1/2-1/2


[Site "https://www.chess.com"]

[Event "Titled Tuesday Blitz January 31 Late 2023"]
[White "Tan, Zhongyi"]
[Black "Al-Tarboush, Ward"]
[WhiteFideId "8603642"]
[BlackFideId "7601450"]
[WhiteElo "2517"]
[BlackElo "2256"]
[Result "1-0"]
[Round "09"]
[TimeControl "180+2"]
[Date "2023.01.31"]
[WhiteClock "0:01:12"]
[BlackClock "0:00:50"]

1. d4 Nf6 2. c4 g6 3. Nc3 d5 4. cxd5 Nxd5 5. g3 Bg7 6. Bg2 Nb6 7. Nf3 Nc6 8. O-O Nxd4 9. Nxd4 Qxd4 10. a4 O-O 11. a5 Qxd1 12. Rxd1 Nd7 13. Nd5 Nc5 14. Nxc7 Rb8 15. Be3 b6 16. b4 Bxa1 17. bxc5 Be5 18. cxb6 axb6 19. axb6 Bb7 20. Rd7 Bxg2 21. Kxg2 Bd6 22. Nd5 Rfd8 23. Nxe7+ Bxe7 24. Rxe7 Re8 25. Rxe8+ Rxe8 26. Bf4 1-0


[Site "https://www.chess.com"]

[Event "Titled Tuesday Blitz January 31 Late 2023"]
[White "Ortega Amarelle, Mariano"]
[Black "Perske, Thore"]
[WhiteFideId "3504301"]
[BlackFideId "12902195"]
[WhiteElo "2472"]
[BlackElo "2448"]
[Result "0-1"]
[Round "09"]
[TimeControl "180+2"]
[Date "2023.01.31"]
[WhiteClock "0:00:05"]
[BlackClock "0:00:13"]

1. e4 e6 2. d4 d5 3. e5 c5 4. c3 Qb6 5. Nf3 Bd7 6. Bd3 Bb5 7. dxc5 Bxc5 8. b4 Bf8 9. Be3 Qa6 10. Bxb5+ Qxb5 11. a4 Qd7 12. O-O Ne7 13. Nbd2 Nf5 14. Bd4 Nc6 15. Nb3 Be7 16. b5 Ncxd4 17. Nbxd4 Nxd4 18. cxd4 O-O 19. Qd3 Rac8 20. Rfc1 Rxc1+ 21. Rxc1 Rc8 22. Rxc8+ Qxc8 23. h4 Qc1+ 24. Kh2 h5 25. g3 g6 26. Kg2 Kf8 27. Qd2 Qc4 28. Qd1 Kg7 29. Ne1 Bb4 30. Nc2 Bc3 31. g4 hxg4 32. Qxg4 Qxa4 33. h5 Qxc2 34. h6+ Kh7 35. Qg5 Qf5 36. Qe7 Bxd4 37. Qf8 Qxf2+ 38. Kh3 Qf3+ 39. Kh2 Bxe5+ 40. Kg1 d4 41. Qe8 d3 42. Qd7 Kxh6 43. Qd8 Kg7 44. Qd7 Bf6 45. b6 axb6 0-1


[Site "https://www.chess.com"]

[Event "Titled Tuesday Blitz January 31 Late 2023"]
[White "Kanakaris, Georgios"]
[Black "Gasparyan, David"]
[WhiteFideId "4209460"]
[BlackFideId "13311980"]
[WhiteElo "2391"]
[BlackElo "2142"]
[Result "1-0"]
[Round "09"]
[TimeControl "180+2"]
[Date "2023.01.31"]
[WhiteClock "0:00:23"]
[BlackClock "0:00:09"]

1. Nf3 Nf6 2. g3 g6 3. Bg2 Bg7 4. O-O O-O 5. d4 d5 6. c4 dxc4 7. Na3 Nc6 8. Nxc4 Be6 9. b3 Bd5 10. Bb2 a5 11. Rc1 a4 12. bxa4 Ne4 13. a3 Ra6 14. Ne3 Be6 15. Qc2 Nf6 16. Rfd1 Nd5 17. Nxd5 Qxd5 18. Ne5 Qb3 19. d5 Qxc2 20. Rxc2 Nxe5 21. dxe6 c6 22. exf7+ Kxf7 23. Bxe5 Bxe5 24. Rd7 Rb8 25. Rc4 Bd6 26. Bh3 Bxa3 27. Rf4+ Kg7 28. Be6 Bd6 29. Rd4 Kf6 30. Bg4 h5 31. Bh3 Be5 32. Re4 Bd6 33. Re6+ Kg5 34. f4+ Kh6 35. f5 Rg8 36. Rxb7 Rxa4 37. Kg2 Ra5 38. f6 Re5 39. Rxe5 Bxe5 40. fxe7 Re8 41. Rd7 Bf6 42. Rd6 Bxe7 43. Rxc6 Bg5 44. Bf5 Rxe2+ 45. Kf3 Re3+ 46. Kf2 Re5 47. Rxg6+ Kh7 48. Rxg5+ Kh6 49. Rg6+ Kh7 50. Rg5+ Kh6 51. h4 Ra5 52. Be4 Ra2+ 53. Ke3 Ra3+ 54. Bd3 Ra4 55. Re5 Rg4 56. Rg5 Rxg5 57. hxg5+ Kxg5 58. Be2 h4 59. g4 h3 60. Kf2 Kh4 61. Bd1 h2 62. Kg2 h1=Q+ 63. Kxh1 Kg5 64. Kg2 Kf4 65. Kh3 Kg5 66. Kg3 Kg6 67. Kh4 Kh6 68. g5+ Kg6 69. Kg4 Kg7 70. Kh5 Kh7 71. g6+ Kg7 72. Kg5 Kg8 73. Kf6 Kh8 74. g7+ Kh7 75. Bb3 Kh6 76. g8=Q Kh5 77. Qg5# 1-0


[Site "https://www.chess.com"]

[Event "Titled Tuesday Blitz January 31 Late 2023"]
[White "Golubka, Petro"]
[Black "Kraus, Tomas"]
[WhiteFideId "14114224"]
[BlackFideId "331708"]
[WhiteElo "2371"]
[BlackElo "2473"]
[Result "1-0"]
[Round "09"]
[TimeControl "180+2"]
[Date "2023.01.31"]
[WhiteClock "0:02:09"]
[BlackClock "0:01:30"]

1. e4 c5 2. Be2 Nc6 3. Nc3 e6 4. Nf3 d5 5. Bb5 dxe4 6. Bxc6+ bxc6 7. Nxe4 Ba6 8. d3 c4 9. d4 Qd5 10. Nc3 Bb4 11. O-O Qf5 12. d5 cxd5 13. Nd4 Qg6 14. Nc6 Bd6 15. Nxd5 exd5 16. Qxd5 Bb7 17. Re1+ Ne7 18. Nxe7 1-0


[Site "https://www.chess.com"]

[Event "Titled Tuesday Blitz January 31 Late 2023"]
[White "Prydun, Andriy"]
[Black "Vlassov, Nikolai"]
[WhiteFideId "14145898"]
[BlackFideId "4103360"]
[WhiteElo "2134"]
[BlackElo "2283"]
[Result "1/2-1/2"]
[Round "09"]
[TimeControl "180+2"]
[Date "2023.01.31"]
[WhiteClock "0:00:04"]
[BlackClock "0:00:40"]

1. e4 c5 2. Nf3 d6 3. d4 cxd4 4. Qxd4 Nc6 5. Bb5 a6 6. Bxc6+ bxc6 7. b3 e5 8. Qe3 Ne7 9. O-O Ng6 10. Rd1 Be7 11. Na3 O-O 12. Nc4 Qc7 13. Qb6 Qxb6 14. Nxb6 Rb8 15. Nxc8 Rbxc8 16. Ba3 Rcd8 17. Nd2 f5 18. Re1 fxe4 19. Nxe4 Rf7 20. Rad1 d5 21. Bxe7 Rxe7 22. Nc5 a5 23. f3 Kf7 24. Kf2 Nf4 25. g3 Ne6 26. Nd3 Nd4 27. Nxe5+ Rxe5 28. Rxe5 Nxc2 29. Re2 Nb4 30. a3 Na6 31. Rde1 Nc5 32. Rb1 d4 33. Rc2 Rd5 34. Kf1 d3 35. Rd2 Kf6 36. b4 axb4 37. axb4 Na6 38. Rb3 Rd4 39. Rdxd3 Rxd3 40. Rxd3 Nxb4 41. Rc3 Ke5 42. Rc4 Nd5 43. Rxc6 h5 44. Kf2 h4 45. gxh4 Nf4 46. Rc5+ Kf6 47. Rg5 Nh3+ 48. Kg3 Nxg5 49. hxg5+ Kxg5 50. h3 Kh5 51. f4 Kg6 52. Kg4 Kf6 53. Kh5 Kf5 54. h4 Kxf4 55. Kg6 Kg4 56. h5 Kh4 57. Kxg7 Kxh5 1/2-1/2


[Site "https://www.chess.com"]

[Event "Titled Tuesday Blitz January 31 Late 2023"]
[White "Gutkin, Ilya"]
[Black "Cori T., Deysi"]
[WhiteFideId "16203470"]
[BlackFideId "3801934"]
[WhiteElo "2273"]
[BlackElo "2362"]
[Result "1/2-1/2"]
[Round "09"]
[TimeControl "180+2"]
[Date "2023.01.31"]
[WhiteClock "0:00:06"]
[BlackClock "0:00:05"]

1. Nf3 Nf6 2. g3 d5 3. Bg2 c6 4. c4 e6 5. d4 Nbd7 6. O-O Bd6 7. Nc3 O-O 8. Nd2 h6 9. e4 dxe4 10. Ndxe4 Nxe4 11. Nxe4 Be7 12. Qe2 Nf6 13. Rd1 Nxe4 14. Qxe4 Bf6 15. b3 a5 16. Bf4 a4 17. b4 a3 18. Be5 Ra4 19. Rab1 Qe7 20. c5 Rd8 21. Qc2 Ra8 22. Bd6 Qe8 23. Qc4 e5 24. dxe5 Be6 25. Qc2 Be7 26. Bxe7 Qxe7 27. Rd6 Qg5 28. f4 Qh5 29. Rbd1 Re8 30. Be4 g6 31. Bd3 Bxa2 32. Bxg6 fxg6 33. Qxa2+ Kh8 34. Qf7 Rf8 35. Qe7 Rae8 36. Qxb7 Qe2 37. Qxc6 Qe3+ 38. Kh1 a2 39. Qg2 Ra8 40. Ra1 Qc3 41. Rdd1 Rfd8 42. Rxd8+ Rxd8 43. Qxa2 Qf3+ 44. Qg2 Rd1+ 45. Rxd1 Qxd1+ 46. Qg1 Qf3+ 47. Qg2 Qd1+ 48. Qg1 Qf3+ 49. Qg2 Qd1+ 1/2-1/2


[Site "https://www.chess.com"]

[Event "Titled Tuesday Blitz January 31 Late 2023"]
[White "Tari, Aryan"]
[Black "Vovk, Orest"]
[WhiteFideId "1510045"]
[BlackFideId "14113490"]
[WhiteElo "2642"]
[BlackElo "2315"]
[Result "1-0"]
[Round "09"]
[TimeControl "180+2"]
[Date "2023.01.31"]
[WhiteClock "0:01:35"]
[BlackClock "0:00:03"]

1. e4 g5 2. d4 g4 3. Qxg4 d5 4. Qh4 dxe4 5. Nc3 Nf6 6. Bg5 Qxd4 7. Nge2 Qb6 8. Bxf6 Qxf6 9. Qxf6 exf6 10. Nd5 Bd6 11. Nxf6+ Kf8 12. Nxe4 Be5 13. O-O-O Nc6 14. f4 Bg7 15. N2g3 Bg4 16. Be2 Bxe2 17. Nxe2 Re8 18. N2c3 f5 19. Nc5 Bxc3 20. bxc3 b6 21. Na6 Re7 22. Rhe1 Rxe1 23. Rxe1 Kf7 24. Nxc7 Rc8 25. Nb5 Rd8 26. Rd1 Rxd1+ 27. Kxd1 a6 28. Nd4 Ne7 29. c4 Kf6 30. a4 Nc8 31. Ke2 Nd6 32. Kd3 Ne4 33. Nb3 Ke6 34. Kd4 Kd6 35. g4 Nf2 36. gxf5 Nh3 37. c5+ bxc5+ 38. Nxc5 Nxf4 39. Nxa6 Ne2+ 40. Kc4 Ng1 41. Nb4 Nf3 42. a5 Nxh2 43. a6 Kc7 44. f6 Ng4 45. Nd5+ Kb8 46. Kc5 Ne5 47. Kd6 Nf7+ 48. Ke7 Ng5 49. f7 Nxf7 50. Kxf7 Ka7 51. Kg7 Kxa6 52. Kxh7 Kb5 53. Ne3 Kc5 54. c4 Kd4 55. Kg6 Kxe3 56. c5 Kd4 57. c6 1-0


[Site "https://www.chess.com"]

[Event "Titled Tuesday Blitz January 31 Late 2023"]
[White "Ibarra Jerez, Jose Carlos"]
[Black "Fiorito, Joaquin"]
[WhiteFideId "2226332"]
[BlackFideId "180173"]
[WhiteElo "2563"]
[BlackElo "2405"]
[Result "0-1"]
[Round "09"]
[TimeControl "180+2"]
[Date "2023.01.31"]
[WhiteClock "0:00:02"]
[BlackClock "0:00:22"]

1. e4 c6 2. Nf3 d5 3. d3 Qc7 4. exd5 cxd5 5. c4 dxc4 6. dxc4 Nf6 7. Nc3 a6 8. g3 g6 9. Bf4 Qb6 10. Na4 Qb4+ 11. Bd2 Qd6 12. c5 Qe6+ 13. Be2 Nbd7 14. Ng5 Qd5 15. O-O Bg7 16. Rc1 O-O 17. Bf3 Qf5 18. Re1 Ne5 19. Rxe5 Qxe5 20. Bf4 Qf5 21. Nb6 e5 22. Be3 Rb8 23. Nc4 Ng4 24. Ne4 Be6 25. Ncd6 Qh5 26. h4 h6 27. Kg2 f5 28. Nd2 f4 29. gxf4 exf4 30. Bd4 Bxd4 31. Qe2 Qe5 32. Bxg4 Qxe2 33. Bxe2 g5 34. Bf3 g4 35. Bxb7 f3+ 36. Kf1 g3 37. Nxf3 Bh3+ 38. Ke2 gxf2 39. Nxd4 f1=Q+ 40. Rxf1 Bxf1+ 41. Kd2 Rfd8 42. Bd5+ Kg7 43. Ne6+ Kf6 44. Nxd8 Rxd8 45. Ke3 Bb5 46. Kd4 Bf1 47. a4 a5 48. b3 Bh3 49. Ne4+ Ke7 50. Ke5 Rf8 51. c6 Rf5+ 52. Kd4 Rf1 53. Nc5 Kd6 54. Ne4+ Kc7 55. Bc4 Rf4 56. Ke5 Rxh4 57. Bd5 Bg2 58. Nc3 Bxd5 59. Kxd5 Rh5+ 60. Ke6 Kxc6 61. Ne2 Rh3 62. Ke5 Re3+ 0-1


[Site "https://www.chess.com"]

[Event "Titled Tuesday Blitz January 31 Late 2023"]
[White "Migot, Tangi"]
[Black "Goltsev, Dmitry"]
[WhiteFideId "662445"]
[BlackFideId "24176710"]
[WhiteElo "2373"]
[BlackElo "2269"]
[Result "0-1"]
[Round "09"]
[TimeControl "180+2"]
[Date "2023.01.31"]
[WhiteClock "0:00:27"]
[BlackClock "0:00:49"]

1. d4 Nf6 2. Nd2 e6 3. Ngf3 c5 4. e3 Nc6 5. a3 d5 6. c4 cxd4 7. exd4 dxc4 8. Nxc4 Be7 9. Be2 O-O 10. O-O b6 11. Bf4 Bb7 12. Rc1 Nd5 13. Bg3 Rc8 14. Qa4 a6 15. Rfd1 b5 16. Qb3 Ba8 17. Nce5 Na5 18. Qa2 f6 19. Nd3 Nc4 20. b3 Nxa3 21. b4 Nc4 22. Qxa6 Bc6 23. Qa2 Ra8 24. Qb1 Ra3 25. Nc5 Qc8 26. Bd3 f5 27. Re1 Bxc5 28. bxc5 Nc3 29. Qc2 Bd5 30. Ne5 Qa6 31. Bf4 Qa8 32. f3 Rd8 33. Bd2 Nxe5 34. Rxe5 b4 35. Bxc3 Rxc3 36. Qd2 Qa3 37. Ree1 Rxd3 38. Qg5 Rf8 39. Ra1 Qb2 40. Ra7 Qxd4+ 41. Kh1 Rd1 42. Ra1 Rxa1 0-1


[Site "https://www.chess.com"]

[Event "Titled Tuesday Blitz January 31 Late 2023"]
[White "Bayo Milagro, Alvaro"]
[Black "Quispe Arteaga, Gabriel"]
[WhiteFideId "22275240"]
[BlackFideId "32059809"]
[WhiteElo "2287"]
[BlackElo "2381"]
[Result "0-1"]
[Round "09"]
[TimeControl "180+2"]
[Date "2023.01.31"]
[WhiteClock "0:00:01"]
[BlackClock "0:00:07"]

1. d4 Nf6 2. Nf3 g6 3. Bg5 Bg7 4. Nbd2 d5 5. e3 O-O 6. Be2 c6 7. O-O Bf5 8. c4 h6 9. Bh4 Nbd7 10. Qb3 Qb6 11. h3 Rfe8 12. Bg3 Qxb3 13. axb3 a6 14. cxd5 cxd5 15. Rfc1 Rac8 16. Ne5 Nxe5 17. Bxe5 Nd7 18. Bxg7 Kxg7 19. Rc3 Rxc3 20. bxc3 Rc8 21. c4 e5 22. Nf3 f6 23. dxe5 fxe5 24. cxd5 Rc2 25. Bf1 Be4 26. Rd1 Kf6 27. d6 Rc3 28. Nd2 Bc6 29. Bc4 b5 30. Be2 h5 31. Bf3 Bxf3 32. gxf3 Ke6 33. Ra1 Nc5 34. b4 Na4 35. Ne4 Rc2 36. Rd1 Kd7 37. Nf6+ Kd8 38. Rd5 Rc6 39. Ne4 Nc3 40. Nxc3 Rxc3 41. Rxe5 Rc4 42. Rg5 Rxb4 43. Rxg6 a5 44. e4 a4 45. e5 Rb1+ 46. Kg2 Re1 47. f4 a3 48. f5 a2 49. e6 Rg1+ 50. Kxg1 a1=Q+ 51. Kg2 Qh8 52. f6 Qh7 53. Rg7 Qe4+ 54. f3 Qxe6 55. f7 Qe2+ 56. Kg1 Qd1+ 57. Kg2 Qd2+ 58. Kg1 Qc1+ 59. Kh2 Qb2+ 60. Kg3 Qxg7+ 0-1


[Site "https://www.chess.com"]

[Event "Titled Tuesday Blitz January 31 Late 2023"]
[White "Rakhmatullaev, Almas"]
[Black "Shapiro, Viktor"]
[WhiteFideId "14205793"]
[BlackFideId "4175700"]
[WhiteElo "2275"]
[BlackElo "2192"]
[Result "1-0"]
[Round "09"]
[TimeControl "180+2"]
[Date "2023.01.31"]
[WhiteClock "0:00:04"]
[BlackClock "0:00:03"]

1. e4 Nf6 2. e5 Nd5 3. d4 d6 4. Nf3 Bg4 5. Bc4 dxe5 6. dxe5 e6 7. h3 Bh5 8. O-O Be7 9. c3 O-O 10. Nbd2 Nc6 11. Re1 Bg6 12. Nb3 a5 13. a4 Nb6 14. Be2 Qxd1 15. Bxd1 Rfd8 16. Nfd4 Nb8 17. Be2 c6 18. Bf4 N8d7 19. Bg3 Nc5 20. Red1 Nxb3 21. Nxb3 Bc2 22. Rxd8+ Rxd8 23. Nxa5 Rd2 24. Bf3 Bxa4 25. Nxb7 Rxb2 26. Nd6 f5 27. exf6 gxf6 28. Nc4 Nxc4 29. Rxa4 Nd2 30. Ra8+ Kg7 31. h4 Nxf3+ 32. gxf3 e5 33. Ra7 Kf7 34. Rc7 c5 35. f4 exf4 36. Bxf4 Ke6 37. Be3 Rb5 38. c4 Ra5 39. h5 f5 40. h6 Kf6 41. Kg2 Ra6 42. Bxc5 Bxc5 43. Rxc5 Kg5 44. Kg3 Rxh6 45. f4+ Kh5 46. Rxf5+ Kg6 47. Rd5 Rh1 48. c5 Rc1 49. Kg4 Rg1+ 50. Kf3 Rc1 51. Ke4 Re1+ 52. Kd4 Rd1+ 53. Kc4 Rf1 54. Rd4 h5 55. c6 Rc1+ 56. Kd5 h4 57. f5+ Kg5 58. f6 h3 59. f7 h2 60. f8=Q h1=Q+ 61. Ke5 Re1+ 62. Kd6 Qh2+ 63. Kd7 Qh7+ 64. Kd6 Qg6+ 65. Kd5 Qf5+ 66. Qxf5+ Kxf5 67. c7 Re5+ 68. Kc6 Re8 69. Rd8 Re1 70. c8=Q+ 1-0


[Site "https://www.chess.com"]

[Event "Titled Tuesday Blitz January 31 Late 2023"]
[White "Hambleton, Aman"]
[Black "Hirneise, Jens"]
[WhiteFideId "2606577"]
[BlackFideId "24614734"]
[WhiteElo "2420"]
[BlackElo "2277"]
[Result "1-0"]
[Round "09"]
[TimeControl "180+2"]
[Date "2023.01.31"]
[WhiteClock "0:00:08"]
[BlackClock "0:00:11"]

1. d4 d5 2. Bf4 Nf6 3. e3 Nbd7 4. Nf3 e6 5. Nbd2 Bd6 6. Bd3 Bxf4 7. exf4 c5 8. c3 cxd4 9. Nxd4 Nc5 10. Bc2 Bd7 11. O-O Qc7 12. g3 h5 13. h4 g6 14. Re1 O-O 15. Qe2 Rfe8 16. N2f3 Nce4 17. Ne5 Rab8 18. Bd3 a6 19. a3 b5 20. Kg2 Nc5 21. Bc2 a5 22. Rac1 Qb7 23. b4 axb4 24. axb4 Nce4 25. Bd3 Nd6 26. Ra1 Ra8 27. f3 Rxa1 28. Rxa1 Nc4 29. Qa2 Rc8 30. Qa7 Rb8 31. Nxc4 dxc4 32. Qxb7 Rxb7 33. Be4 Rb6 34. Ra7 Rd6 35. Kf2 Nd5 36. Bxd5 Rxd5 37. Ke3 Kg7 38. Rc7 Rd6 39. Rc5 Kf6 40. g4 hxg4 41. fxg4 Rb6 42. g5+ Ke7 43. Rc7 Ra6 44. Nxb5 Kd8 45. Rb7 Ra2 46. Nd6 Rh2 47. Nxf7+ Kc8 48. Ra7 Bc6 49. Ne5 Bd5 50. Kd4 Rxh4 51. Nxg6 Rh3 52. Ne7+ Kb8 53. Rd7 Rd3+ 54. Ke5 Rxc3 55. Nxd5 exd5 56. Rxd5 Rb3 57. b5 Kb7 58. g6 Kb6 59. Kf6 Rf3 60. f5 c3 61. Rd1 Kxb5 62. g7 Rg3 63. Kf7 Kc4 64. Rc1 Kb3 65. f6 c2 66. g8=Q Rxg8 67. Kxg8 Kb2 68. Rxc2+ Kxc2 69. f7 Kd3 70. f8=Q 1-0


[Site "https://www.chess.com"]

[Event "Titled Tuesday Blitz January 31 Late 2023"]
[White "Jaracz, Pawel"]
[Black "O`Gorman, Tom"]
[WhiteFideId "1102222"]
[BlackFideId "2508249"]
[WhiteElo "2467"]
[BlackElo "2355"]
[Result "1-0"]
[Round "09"]
[TimeControl "180+2"]
[Date "2023.01.31"]
[WhiteClock "0:01:05"]
[BlackClock "0:01:02"]

1. d4 Nf6 2. c4 e6 3. Nc3 Bb4 4. a3 Bxc3+ 5. bxc3 O-O 6. Bg5 h6 7. Bh4 c5 8. f3 b6 9. e4 d6 10. Bd3 Nbd7 11. Ne2 Qc7 12. O-O Ba6 13. Rc1 Rac8 14. f4 e5 15. fxe5 dxe5 16. Ng3 exd4 17. Bxf6 Nxf6 18. Rxf6 gxf6 19. Qg4+ Kh8 20. Qh4 f5 21. Qxh6+ Kg8 22. Qg5+ Kh7 23. Qxf5+ Kg8 24. Qg5+ Kh7 25. e5+ f5 26. Nxf5 Bb7 27. Ne7+ Kh8 28. Qh6# 1-0


[Site "https://www.chess.com"]

[Event "Titled Tuesday Blitz January 31 Late 2023"]
[White "Schekachikhin, Maksim"]
[Black "Averjanov, Alexey"]
[WhiteFideId "24177830"]
[BlackFideId "14109867"]
[WhiteElo "2371"]
[BlackElo "2399"]
[Result "0-1"]
[Round "09"]
[TimeControl "180+2"]
[Date "2023.01.31"]
[WhiteClock "0:00:39"]
[BlackClock "0:01:59"]

1. b3 b6 2. Bb2 Bb7 3. c4 Nf6 4. Nf3 g6 5. g3 Bg7 6. Bg2 O-O 7. O-O c5 8. Nc3 Nc6 9. d3 d5 10. Nxd5 Nxd5 11. Bxg7 Kxg7 12. cxd5 Qxd5 13. Nd2 Qd7 14. a3 a5 15. Rb1 Rfd8 16. Nc4 Qc7 17. Qd2 Rab8 18. Rfc1 h5 19. h4 Ne5 20. Nxe5 Qxe5 21. Bxb7 Rxb7 22. b4 cxb4 23. axb4 a4 24. b5 Ra8 25. Qc3 Qxc3 26. Rxc3 a3 27. Ra1 Rba7 28. Kf1 Ra5 29. Rb3 Kf6 30. Ke1 Ke5 31. Kd2 Kd5 32. Kc3 Kc5 33. d4+ Kd5 34. Ra2 Ra4 35. e3 Ke4 36. Rb4 Rxb4 37. Kxb4 Kf3 38. Kc4 e6 39. d5 Rc8+ 40. Kd4 exd5 41. Rxa3 Kxf2 42. Ra6 Kxg3 43. Rxb6 Kxh4 44. Kxd5 g5 45. Rf6 g4 46. Rxf7 g3 47. Rg7 Kh3 48. b6 h4 49. b7 Rf8 50. e4 Kg2 51. e5 h3 52. e6 h2 53. e7 Re8 54. Rh7 h1=Q 55. Rxh1 Kxh1 56. Kd6 g2 57. Kd7 Rh8 58. e8=Q Rxe8 59. Kxe8 g1=Q 60. Kd8 Qa7 61. Kc8 Qc5+ 62. Kd7 Qb6 63. Kc8 Qc6+ 64. Kb8 Kg2 65. Ka7 Qa4+ 66. Kb6 Qb4+ 67. Kc7 Qc5+ 68. Kd7 Qb6 0-1


[Site "https://www.chess.com"]

[Event "Titled Tuesday Blitz January 31 Late 2023"]
[White "Real_OceanStorm"]
[Black "Defend, Balint"]
[BlackFideId "17004853"]
[WhiteElo "2671"]
[BlackElo "1673"]
[Result "1/2-1/2"]
[Round "09"]
[TimeControl "180+2"]
[Date "2023.01.31"]
[WhiteClock "0:00:08"]
[BlackClock "0:00:08"]

1. Nf3 Nf6 2. b3 e6 3. Bb2 c5 4. e3 b6 5. g3 Bb7 6. Bg2 d5 7. O-O Nc6 8. d4 Be7 9. Ne5 O-O 10. c4 cxd4 11. exd4 Rc8 12. Nc3 dxc4 13. Nxc4 Qd7 14. d5 exd5 15. Nxd5 Nxd5 16. Qxd5 Qxd5 17. Bxd5 Na5 18. Bxb7 Nxb7 19. Rad1 Rfd8 20. Ne3 Bc5 21. Nd5 f6 22. Kg2 Kf7 23. Rfe1 Bf8 24. Re2 Rd7 25. Red2 Nc5 26. f3 Rcd8 27. Ba1 Na6 28. Bc3 Nb8 29. h3 Nc6 30. h4 Ne7 31. Ne3 Rxd2+ 32. Rxd2 Rxd2+ 33. Bxd2 Ke6 34. Bb4 Kf7 35. f4 Nc6 36. Bxf8 Kxf8 37. g4 Kf7 38. Kf3 Ke6 39. Ke4 b5 40. f5+ Kd6 41. g5 Nb4 42. Ng4 fxg5 43. a3 Nc2 44. hxg5 Nxa3 45. f6 gxf6 46. Nxf6 Ke6 47. Nxh7 a5 48. g6 a4 49. bxa4 bxa4 50. Kd4 Nb5+ 51. Kc5 Nc7 52. Kc4 Ne8 53. Kb4 Kf5 54. Kxa4 Kxg6 1/2-1/2


[Site "https://www.chess.com"]

[Event "Titled Tuesday Blitz January 31 Late 2023"]
[White "Golubev, Mikhail"]
[Black "Leiva, Gianmarco"]
[WhiteFideId "14100983"]
[BlackFideId "3804399"]
[WhiteElo "2461"]
[BlackElo "2392"]
[Result "1-0"]
[Round "09"]
[TimeControl "180+2"]
[Date "2023.01.31"]
[WhiteClock "0:00:07"]
[BlackClock "0:00:20"]

1. e4 c5 2. Nf3 d6 3. d4 cxd4 4. Nxd4 Nf6 5. Nc3 a6 6. Bc4 e6 7. Bb3 b5 8. O-O Be7 9. Qf3 Qb6 10. Be3 Qb7 11. Qg3 Nbd7 12. Rad1 b4 13. Nf5 bxc3 14. Nxe7 Kxe7 15. Qxd6+ Ke8 16. Bc5 Kd8 17. Ba4 Nxe4 18. Qe7+ Kc7 19. Bxd7 Kb8 20. bxc3 Nxc5 21. Rb1 Nxd7 22. Qd6+ Ka7 23. Rxb7+ Bxb7 24. Qxd7 Rhd8 25. Qe7 Rd5 26. Rb1 Rb5 27. Rxb5 axb5 28. Qxf7 Rd8 29. h3 Rd1+ 30. Kh2 Rd2 31. Qxg7 Rxc2 32. Qd4+ Ka8 33. Qd8+ Ka7 34. Qd4+ Ka8 35. a4 e5 36. Qd8+ Ka7 37. a5 Rxc3 38. Qb6+ Ka8 39. a6 Bc6 40. Qc7 Rc4 41. a7 Bb7 42. Qb8# 1-0


[Site "https://www.chess.com"]

[Event "Titled Tuesday Blitz January 31 Late 2023"]
[White "Blomqvist, Erik"]
[Black "Hernandez Sanchez, Elvis De La Caridad"]
[WhiteFideId "1709437"]
[BlackFideId "6400353"]
[WhiteElo "2523"]
[BlackElo "2243"]
[Result "0-1"]
[Round "09"]
[TimeControl "180+2"]
[Date "2023.01.31"]
[WhiteClock "0:00:04"]
[BlackClock "0:00:38"]

1. e4 c5 2. Nf3 d6 3. d4 cxd4 4. Nxd4 Nf6 5. Nc3 g6 6. Be3 Bg7 7. f3 O-O 8. Qd2 Nc6 9. O-O-O d5 10. exd5 Nxd5 11. Nxc6 bxc6 12. Bd4 Nxc3 13. Qxc3 Bh6+ 14. Be3 Bxe3+ 15. Qxe3 Qb6 16. Qe5 Be6 17. a3 Rfd8 18. Bd3 Rd5 19. Qc3 Rc5 20. Qb4 Qxb4 21. axb4 Rg5 22. Rd2 Rb8 23. f4 Rd5 24. c3 a5 25. Be4 Rxd2 26. Kxd2 axb4 27. Bxc6 bxc3+ 28. bxc3 Rd8+ 29. Kc2 Bf5+ 30. Kb3 Rb8+ 31. Kc4 Rc8 32. Kb5 Bd3+ 33. Kb6 Rb8+ 34. Kc7 Rb2 35. Rd1 Bc4 36. Rd4 Bf1 37. c4 Rc2 38. Kd7 Kf8 39. g3 Bxc4 40. Be4 Be6+ 0-1


[Site "https://www.chess.com"]